 Dungeon Crawl Stone Soup version 0.32-a0-471-gb91d5d9764 (webtiles) character file.

Game seed: 13395809007731233358

1982 Alarak the Protected (level 9, -1/74 (75) HPs)
             Began as a Formicid Fighter on Feb 25, 2024.
             Slain by a wight
             ... wielding a +5 scimitar
              (3 damage)
             ... on level 6 of the Dungeon.
             The game lasted 00:12:40 (4364 turns).

Alarak the Protected (Formicid Fighter)             Turns: 4364, Time: 00:12:40

HP:   -1/74 (75)    AC: 15    Str: 26    XL:     9   Next: 44%
MP:   9/9           EV: 12    Int:  7    God:
Gold: 332           SH:  6    Dex: 13    Spells: 8/8 levels left

rFire   . . .        t - +3 quarterstaff (chaos)
rCold   + . .        c - +0 buckler
rNeg    . . .        B - +0 plate armour
rPois   .            (helmet unavailable)
rElec   .            z - scarf {shadows}
rCorr   .            s - +0 pair of gloves
SInv    +            (no boots)
Will    .....        v - amulet of regeneration Stlth
                     j - +5 ring of evasion
HPRegen 1.12/turn    y - ring of protection from cold
MPRegen 0.11/turn

%: no passive effects
@: lightly drained
A: permanent stasis, dig shafts and tunnels, antennae 3, four strong arms
a: Dig, Shaft Self


You were on level 6 of the Dungeon.
You visited 1 branch of the dungeon, and saw 6 of its levels.

You collected 332 gold pieces.

Inventory:

Hand Weapons
 a - a +0 war axe
 m - a +2 sling of electrocution
 t - a +3 quarterstaff of chaos (weapon)
Armour
 c - a +0 buckler (worn)
 p - a +0 chain mail
 s - a +0 pair of gloves (worn)
 u - a +0 cloak
 z - a scarf of shadows (worn)
 B - a +0 plate armour (worn)
Jewellery
 j - a +5 ring of evasion (left hand)
 v - an amulet of regeneration (around neck)
 y - a ring of protection from cold (right hand)
Wands
 e - a wand of polymorph (10)
 o - a wand of mindburst (12)
 q - a wand of roots (7)
 w - a wand of charming (13)
Scrolls
 b - 2 scrolls of fog {unknown}
 x - a scroll of identify
 A - a scroll of fear {unknown}
Potions
 d - 2 potions of might
 f - a potion of haste
 g - 2 potions of magic
 h - 2 potions of ambrosia {unknown}
 i - a potion of degeneration {unknown}
 k - 7 potions of curing {unknown}
 l - a potion of brilliance {unknown}
 n - a potion of attraction {unknown}
 r - a potion of invisibility {unknown}


   Skills:
 + Level 8.4 Fighting
 - Level 2.0 Axes
 - Level 9.6 Armour
 - Level 7.1 Shields


You had 8 spell levels left.
You didn't know any spells.
Your spell library contained the following spells:

 Spells                   Type           Power      Damage    Failure   Level
 Apportation              Tloc           0%         N/A       99%         1
 Freeze                   Ice            0%         1d3       99%         1
 Call Imp                 Summ           0%         N/A       100%        2
 Jinxbite                 Hex            0%         N/A       100%        2
 Sublimation of Blood     Necr           0%         N/A       100%        2
 Frozen Ramparts          Ice            0%         1d1       100%        3
 Hailstorm                Conj/Ice       0%         3d5       100%        3
 Inner Flame              Hex/Fire       0%         N/A       100%        3
 Alistair's Intoxication  Alch           0%         N/A       100%        5
 Irradiate                Conj/Alch      0%         3d11      100%        5
 Summon Hydra             Summ           0%         N/A       100%        7
 Ignition                 Fire           0%         3d3       100%        8


Dungeon Overview and Level Annotations

Branches:
Dungeon (6/15)
 Temple: D:4-7

Altars:
Ashenzari
Dithmenos
Okawaru
Xom
Beogh

Shops:
D:2 (

Annotations:
D:3 3 runed translucent doors, t4s4d4r's ghost, amateur CoFi


Innate Abilities, Weirdness & Mutations

You cannot be hasted, slowed, berserked, paralysed or teleported.
You can dig through walls and to a lower floor.
You have a pair of large antennae on your head. (SInv)
Your four strong arms can wield two-handed weapons with a shield.


Message History

You block the gnoll's attack.
Found 8 gold pieces.
The gnoll closely misses you.
The gnoll hits you from afar with a +0 spear.
* * * LOW HITPOINT WARNING * * *
Things that are here:
a +0 club; a +0 robe You completely miss the gnoll.
You block the gnoll's attack. x2
The gnoll misses you. The gnoll closely misses you.
You hit the gnoll.
You feel better.
The gnoll is lightly wounded.
The gnoll hits you but does no damage. x2; The gnoll closely misses you.
You closely miss the gnoll.
The gnoll is lightly wounded.
The gnoll hits you but does no damage. The gnoll closely misses you.
You block the gnoll's attack.
The gnoll hits you from afar with a +0 spear.
* * * LOW HITPOINT WARNING * * *
The gnoll hits you but does no damage.
You bludgeon the gnoll!!
You kill the gnoll!
The gnoll misses you.
The gnoll hits you from afar with a +0 spear.
* * * LOW HITPOINT WARNING * * *
Your life force feels restored.
The gnoll closely misses you. The gnoll hits you but does no damage.
You sock the gnoll!
You kill the gnoll!
The gnoll hits you but does no damage.
Found a chain mail.
The wight hits you with a +5 scimitar.
* * * LOW HITPOINT WARNING * * *
The gnoll hits you from afar with a +0 spear.
* * * LOW HITPOINT WARNING * * *
Things that are here:
a +0 spear; a gnoll corpse You hit the wight.
The wight convulses.
The wight is heavily damaged.
You block the gnoll's attack. The wight hits you with a +5 scimitar!
* * * LOW HITPOINT WARNING * * *
You feel drained.
You die...

..## #...$ #### ##...###
# #..# .....z.# #.#..#
.....#z######.#.#.#..###
,....zg.@................
,...##).#.........#.####
#))# ....... #.##.. #†.#
...... #.##.. #..#
[.....#.#..# #####..# #
#......# #......##
.......##.# #.......#
.......##.# #.......##
.########..


You could see 3 wights and a gnoll.

Vanquished Creatures
  A cyclops (D:6)
  2 water moccasins (D:6)
  Duvessa (D:4)
  2 ice beasts (D:5)
  2 ogres
  A centaur (D:5)
  2 bullfrogs
  A wight (D:6)
  Dowan (D:4)
  4 bombardier beetles
  Crazy Yiuf (D:4)
  2 jellies
  A gnoll bouda (D:6)
  An orc priest (D:5)
  Ijyb (D:4)
  3 iguanas
  Robin (D:4)
  13 gnolls
  4 adders
  A white imp (D:5)
  2 ribbon worms
  2 dart slugs
  4 orcs (D:5)
  5 endoplasms
  4 giant cockroaches
  11 goblins
  9 hobgoblins
  7 jackals
  A kobold (D:1)
  6 quokkas
  4 ball pythons
  4 bats
  4 frilled lizards
  10 rats
118 creatures vanquished.

Notes
Turn   | Place    | Note
-------+----------+-------------------------------------------
     0 | D:1      | Alarak the Formicid Fighter began the quest for the Orb.
     0 | D:1      | Reached XP level 1. HP: 18/18 MP: 1/1
   174 | D:1      | Reached XP level 2. HP: 23/25 MP: 2/2
   483 | D:1      | Reached XP level 3. HP: 31/31 MP: 3/3
   784 | D:2      | Found a shadowy altar of Dithmenos.
  1115 | D:2      | Reached skill level 5 in Fighting
  1160 | D:2      | Found Fipleaj's Antique Weapon Emporium.
  1280 | D:2      | Reached XP level 4. HP: 39/39 MP: 4/4
  1521 | D:3      | Found a runed translucent gate.
  1522 | D:3      | Found a runed translucent gate.
  1524 | D:3      | Found a runed translucent gate.
  1524 | D:3      | Noticed t4s4d4r's ghost (amateur CoFi)
  1524 | D:3      | Identified the +9 dagger "Zotator" {venom, *Rage rPois
                  | Int+4 Stlth+}
  1787 | D:3      | Reached XP level 5. HP: 46/46 MP: 5/5
  2083 | D:3      | Found a roughly hewn altar of Beogh.
  2086 | D:3      | Identified the +2 leather armour "Xiuqodu" {Int+5}
  2240 | D:4      | Found a broken altar of Ashenzari.
  2337 | D:4      | Noticed Ijyb
  2358 | D:4      | Killed Ijyb
  2359 | D:4      | Reached XP level 6. HP: 18/53 MP: 6/6
  2545 | D:4      | Noticed Dowan
  2545 | D:4      | Noticed Duvessa
  2571 | D:4      | Killed Duvessa
  2582 | D:4      | Killed Dowan
  2720 | D:4      | Noticed an ogre
  2797 | D:4      | Killed an ogre
  2798 | D:4      | Reached XP level 7. HP: 42/63 MP: 7/7
  2798 | D:4      | Noticed Robin
  2830 | D:4      | Killed Robin
  3321 | D:4      | Found a runed translucent door.
  3322 | D:4      | Noticed Crazy Yiuf
  3332 | D:4      | Killed Crazy Yiuf
  3333 | D:4      | Reached skill level 5 in Shields
  3530 | D:5      | Entered Level 5 of the Dungeon
  3671 | D:5      | Found a shimmering altar of Xom.
  3751 | D:5      | Reached XP level 8. HP: 58/69 MP: 8/8
  3873 | D:5      | Reached skill level 4 in Armour
  4045 | D:5      | Reached skill level 5 in Armour
  4076 | D:5      | Found an iron altar of Okawaru.
  4081 | D:5      | Reached skill level 6 in Armour
  4223 | D:6      | Reached skill level 7 in Armour
  4282 | D:6      | Reached XP level 9. HP: 73/75 MP: 9/9
  4286 | D:6      | Noticed a cyclops
  4295 | D:6      | Killed a cyclops
  4296 | D:6      | Reached skill level 9 in Armour
  4364 | D:6      | HP: 2/75 [wight/+5 scimitar (8)]
  4364 | D:6      | Slain by a wight

Illustrated notes

Levels and vault maps discovered:
D:1:      lightli_arrival_quake, layout_basic
D:2:      layout_loops_cross, serial_shops, nicolae_shop_overgrown_old_shop,
          basic_altar, minmay_tiny_reverse_x
D:3:      layout_basic, biasface_ghost_orc_armoury
D:4:      layout_loops_ring, amcnicky_altar_gilded, uniq_robin, uniq_duvessa,
          uniq_crazy_yiuf_cottage, uniq_ijyb
D:5:      nicolae_cairo_tiling, layout_rooms, okawaru_ov_weapons_minmay,
          kennysheep_mini, corner_web_ring
D:6:      layout_basic, slow_altar_1

Skill      XL: |  1  2  3  4  5  6  7  8  9 |
---------------+----------------------------+-----
Fighting       | 4 5 6 8 |  8.4
Shields        | 6 7 |  7.1
Armour         | 7 9 |  9.6
Axes           | |  2.0

Action                     |  1- 3 |  4- 6 |  7- 9 || total
---------------------------+-------+-------+-------++-------
  Melee: War axe           |    90 |    84 |    17 ||   191
         Quarterstaff      |       |       |   113 ||   113
   Fire: Sling             |       |       |    23 ||    23
    Use: Scroll            |     2 |     4 |     2 ||     8
         Potion            |       |     1 |       ||     1
   Stab: Confused          |       |       |     2 ||     2
 Armour: Scale mail        |    43 |    14 |       ||    57
         Chain mail        |       |    31 |    55 ||    86
         Skin              |       |    16 |       ||    16
         Plate armour      |       |       |    74 ||    74
  Dodge: Dodged            |    64 |    64 |   106 ||   234
  Block: Buckler           |    31 |    19 |    63 ||   113

Table legend: (Time is in decaauts)
 A = Elapsed time spent in this place.
 B = Non-inter-level travel time spent in this place.
 C = Inter-level travel time spent in this place.
 D = Time resting spent in this place.
 E = Time spent auto-exploring this place.
 F = Levels seen in this place.
 G = Mean time per level.
                   A        B        C        D        E       F      G
               +--------+--------+--------+--------+--------+-----+--------+
         Total |   4496 |   4264 |    232 |    611 |   2694 |   6 |  749.3 |
       Dungeon |   4496 |   4264 |    232 |    611 |   2694 |   6 |  749.3 |
               +--------+--------+--------+--------+--------+-----+--------+

Top non-repeatable levels by time:
     D:4: 1457 daAuts
     D:1: 804 daAuts
     D:3: 713 daAuts
     D:5: 682 daAuts
     D:2: 652 daAuts
     D:6: 185 daAuts
